 Dungeon Sprint DCSS version 0.21.1-1-g345015f (webtiles) character file.

551 spiff the Frost Mage (level 7, -9/67 HPs)
             Began as a Naga Ice Elementalist on July 11, 2018.
             Was a Priest of Cheibriados.
             Mangled by a catoblepas (14 damage)
             ... in the Dungeon (Sprint IX: "|||||||||||||||||||||||||||||").
             The game lasted 00:04:47 (767 turns).

spiff the Frost Mage (Naga Ice Elementalist)         Turns: 767, Time: 00:04:48

Health: -9/67      AC:  5    Str: 18    XL:     7   Next: 29%
Magic:  17/17      EV:  1    Int: 22    God:    Cheibriados [***...]
Gold:   0          SH:  0    Dex: 23    Spells: 14/20 levels left

rFire    . . .     SeeInvis +   o - +2 dire flail (protect)
rCold    . . .     Gourm    .   (shield currently unavailable)
rNeg     + + +     Faith    .   e - +0 troll leather armour
rPois    ∞         Spirit   .   j - +0 helmet
rElec    .         Reflect  .   (no cloak)
rCorr    .         Harm     .   (no gloves)
MR       .....     NoTele   +   (no barding)
Stlth    +++.......             (no amulet)
HPRegen  0.61/turn              q - +3 ring of dexterity
MPRegen  0.15/turn              r - +3 ring of dexterity

@: petrified, very slightly contaminated, invisible, very slow
A: large, see invisible, deformed body, poison resistance, slowness 2, slow
metabolism 1, spit poison 1, AC +2
a: Spit Poison, Bend Time, Temporal Distortion, Renounce Religion


You were in the Dungeon.
You worshipped Cheibriados.
Cheibriados was most pleased with you.
You were not hungry.

You visited 1 branch

Inventory:

Hand Weapons
 o - a +2 dire flail of protection (weapon)
Armour
 a - a +0 robe
 e - a +0 troll leather armour (worn)
 j - a +0 helmet (worn)
 p - a +2 ring mail
Jewellery
 q - a +3 ring of dexterity (left hand)
 r - a +3 ring of dexterity (right hand)
Wands
 n - a wand of iceblast (6)
Scrolls
 l - 3 scrolls of remove curse
 m - 2 scrolls of amnesia
Potions
 d - 3 potions of curing
 f - a potion of haste
 h - 2 potions of magic
Books
 b - a book of Frost

   Spells                             Type                      Level
   a - Freeze                         Ice                          1
   b - Throw Frost                    Conjuration/Ice              2
   c - Ozocubu's Armour               Charms/Ice                   3
   d - Throw Icicle                   Conjuration/Ice              4
   e - Summon Ice Beast               Ice/Summoning                4
Comestibles
 c - a ration


   Skills:
 - Level 5.0 Fighting
 - Level 6.5 Maces & Flails
 - Level 1.5 Dodging
 - Level 3.0 Stealth
 + Level 7.1 Spellcasting
 - Level 1.0 Conjurations
 - Level 4.4 Charms
 + Level 9.6 Ice Magic


You had 14 spell levels left.
You knew the following spells:

 Your Spells              Type           Power        Failure   Level  Hunger
a - Freeze                Ice            ####         1%          1    None
b - Throw Frost           Conj/Ice       ####..       1%          2    None
c - Ozocubu's Armour      Chrm/Ice       #####...     1%          3    None


Dungeon Overview and Level Annotations

Branches:
Dungeon (1/1)

Altars:
Cheibriados
Dithmenos
Elyvilon
Fedhas
Gozag
Hepliaklqana
Kikubaaqudgha
Makhleb
Nemelex Xobeh
Okawaru
Qazlal
Ru
Sif Muna
Trog
Uskayaw
Vehumet
Wu Jian
Xom
Yredelemnul
Zin
The Shining One
Beogh
Jiyva
Lugonu


Innate Abilities, Weirdness & Mutations

You cannot wear boots.
Your serpentine skin is tough. (AC +2)
You have supernaturally acute eyesight. (SInv)
Armour fits poorly on your strangely shaped body.
Your system is resistant to poisons. (rPois)
You cover ground very slowly.
You have a slow metabolism.
You can spit poison.


Message History

Okay, then.
You feel better.
You are engulfed in calcifying dust.
You are slowing down.
The catoblepas gores you but does no damage.
You feel better.
You are engulfed in calcifying dust.
The catoblepas closely misses you. The catoblepas barely misses you.
Your limbs are stiffening.
Unknown command.
You are engulfed in calcifying dust.
The catoblepas barely misses you. x2
You have turned to stone.
The catoblepas gores you but does no damage.
The catoblepas gores you!!
* * * LOW HITPOINT WARNING * * *
The catoblepas gores you!
* * * LOW HITPOINT WARNING * * *
The catoblepas gores you!!
* * * LOW HITPOINT WARNING * * *
All of the chunks of flesh in your inventory have rotted away.
The catoblepas gores you!!
You die... ▓▓▓▓▓▓▓▓▓▓▓▓▓▓▓▓▓▓▓▓▓▓▓▓▓ ..ZJCFOY@...)'...[.)|..'_ ▓▓▓▓▓▓▓▓▓▓▓▓▓▓▓▓▓▓▓▓▓▓▓▓▓

You could see a catoblepas, a two-headed ogre, a cyclops, a bullfrog, a jelly and a bat skeleton.

Vanquished Creatures
  A troll (D)
  A wyvern (D)
  A big kobold (D)
  A scorpion (D)
  A howler monkey (D)
  An orc wizard (D)
  A worm (D)
  A dart slug (D)
  A leopard gecko (D)
  3 orcs (D)
  2 bats (D)
  A hobgoblin (D)
  A frilled lizard (D)
16 creatures vanquished.

Notes
Turn   | Place    | Note
-------+----------+-------------------------------------------
     0 | D        | spiff the Naga Ice Elementalist began the quest for the Orb.
     0 | D        | Reached XP level 1. HP: 15/15 MP: 3/3
    10 | D        | Reached skill level 1 in Fighting
    41 | D        | Reached skill level 4 in Ice Magic
    41 | D        | Reached XP level 2. HP: 2/27 MP: 0/5
   319 | D        | Learned a level 2 spell: Throw Frost
   322 | D        | Noticed a howler monkey
   335 | D        | Killed a howler monkey
   335 | D        | Reached skill level 5 in Ice Magic
   335 | D        | Reached XP level 3. HP: 32/38 MP: 1/6
   344 | D        | Reached skill level 5 in Fighting
   451 | D        | Learned a level 3 spell: Ozocubu's Armour
   456 | D        | Found a roughly hewn altar of Beogh.
   456 | D        | Found a snail-covered altar of Cheibriados.
   456 | D        | Found a shadowy altar of Dithmenos.
   456 | D        | Found a white marble altar of Elyvilon.
   456 | D        | Found a blossoming altar of Fedhas.
   456 | D        | Found an opulent altar of Gozag.
   457 | D        | Found a hazy altar of Hepliaklqana.
   458 | D        | Found a viscous altar of Jiyva.
   459 | D        | Found an ancient bone altar of Kikubaaqudgha.
   460 | D        | Became a worshipper of Cheibriados the Contemplative
   461 | D        | Found a corrupted altar of Lugonu.
   462 | D        | Found a burning altar of Makhleb.
   463 | D        | Found a sparkling altar of Nemelex Xobeh.
   464 | D        | Found an iron altar of Okawaru.
   465 | D        | Found a stormy altar of Qazlal.
   466 | D        | Found a sacrificial altar of Ru.
   467 | D        | Found a deep blue altar of Sif Muna.
   468 | D        | Found a bloodstained altar of Trog.
   469 | D        | Found a hide-covered altar of Uskayaw.
   470 | D        | Found a radiant altar of Vehumet.
   471 | D        | Found an ornate altar of the Wu Jian Council.
   472 | D        | Found a shimmering altar of Xom.
   473 | D        | Found a basalt altar of Yredelemnul.
   474 | D        | Found a glowing silver altar of Zin.
   475 | D        | Found a glowing golden altar of the Shining One.
   523 | D        | Noticed a scorpion
   523 | D        | Noticed a big kobold
   523 | D        | Noticed a troll
   523 | D        | Noticed a wyvern
   526 | D        | Reached skill level 1 in Maces & Flails
   526 | D        | Reached skill level 1 in Charms
   526 | D        | Reached skill level 6 in Ice Magic
   526 | D        | Reached XP level 4. HP: 43/46 MP: 7/7
   536 | D        | Killed a wyvern
   536 | D        | Reached * piety under Cheibriados
   536 | D        | Reached skill level 7 in Ice Magic
   536 | D        | Reached XP level 5. HP: 10/52 MP: 4/11
   536 | D        | Reached XP level 6. HP: 12/61 MP: 4/12
   571 | D        | Killed a troll
   571 | D        | Reached skill level 9 in Ice Magic
   571 | D        | Reached XP level 7. HP: 62/67 MP: 3/16
   579 | D        | Reached ** piety under Cheibriados
   593 | D        | Reached *** piety under Cheibriados
   748 | D        | Noticed a cyclops
   748 | D        | Noticed a two-headed ogre
   748 | D        | Noticed a catoblepas
   767 | D        | Mangled by a catoblepas

Skill      XL: |  1  2  3  4  5  6  7 |
---------------+----------------------+-----
Fighting       | 2 4 5 |  5.0
Ice Magic      | 4 5 6 7 9 |  9.6
Maces & Flails | 1 4 6 |  6.5
Charms         | 1 4 |  4.4
Spellcasting   | 4 6 7 |  7.1
Dodging        | |  1.5
Stealth        | |  3.0
Conjurations   | |  1.0

Action                   |  1- 3 |  4- 6 |  7- 9 || total
-------------------------+-------+-------+-------++-------
Melee: Unarmed           |     6 |       |       ||     6
       Club              |    10 |       |       ||    10
       Dire flail        |     2 |     9 |     8 ||    19
 Cast: Freeze            |    16 |     8 |     1 ||    25
       Throw Frost       |       |     1 |     3 ||     4
       Ozocubu's Armour  |       |       |     1 ||     1
Evoke: Wand              |       |     2 |     2 ||     4
  Use: Potion            |     3 |     3 |     3 ||     9
       Scroll            |       |     2 |       ||     2
 Stab: Invisible         |       |       |     1 ||     1
Armor: Robe              |     9 |       |       ||     9
       Ring mail         |     1 |    11 |       ||    12
       Troll leather arm |       |       |     3 ||     3
Dodge: Dodged            |    27 |    13 |     7 ||    47
